 Dungeon Crawl Stone Soup version 0.32-a0-913-g739538afd8 (webtiles) character file.

Game seed: 5171480926399974247

407 ezpacito the Trooper (level 6, 0/48 HPs)
             Began as a Coglin Chaos Knight on Apr 10, 2024.
             Was a Plaything of Xom.
             Splashed by a jelly's acid (4 damage)
             ... on level 4 of the Dungeon.
             The game lasted 00:03:10 (3347 turns).

ezpacito the Trooper (Coglin Chaos Knight)          Turns: 3347, Time: 00:03:11

Health: 0/48       AC: -6    Str: 14    XL:     6   Next: 88%
Magic:  7/7        EV:  6    Int: 12    God:    Xom [...*..]
Gold:   30         SH:  0    Dex: 13    Spells: 7/7 levels left

rFire   . . .        a - +0 hand axe (chaos) {Li}
rCold   . . .        c - +0 trident {Sebastián}
rNeg    . . .        r - +0 chain mail
rPois   .            (helmet restricted)
rElec   .            (no cloak)
rCorr   .            (no gloves)
SInv    .            (no boots)
Will    .....        (amulet unavailable) Stlth
                     (ring unavailable)
HPRegen 0.28/turn    (ring unavailable)
MPRegen 0.10/turn    (no gizmo)

%: no passive effects
@: corroded, revved
A: off-hand wielding, slow wielding, warmup strikes, no jewellery, horns 1
a: Invent Gizmo, Renounce Religion


You were on level 4 of the Dungeon.
You worshipped Xom.
You were a favourite toy of Xom.
You visited 1 branch of the dungeon, and saw 4 of its levels.

You collected 212 gold pieces.
You spent 182 gold pieces at shops.

Inventory:

Hand Weapons
 a - a +0 hand axe of chaos (weapon) {Li}
 c - a +0 trident (offhand) {Sebastián}
Missiles
 b - 2 throwing nets
 i - 3 javelins (quivered)
 n - 4 boomerangs
Armour
 e - a +0 helmet
 r - a +0 chain mail (worn)
Magical Staves
 s - a staff of fire
Talismans
 p - a dragon-blood talisman
Wands
 o - a wand of charming (11)
Scrolls
 f - a scroll of silence {unknown}
 g - 3 scrolls of identify {unknown}
 h - 2 scrolls of teleportation {unknown}
 j - a scroll of revelation {unknown}
 k - a scroll of brand weapon {unknown}
 m - a scroll of enchant weapon {unknown}
 q - a scroll of amnesia {unknown}
Potions
 d - a potion of might
 l - a potion of heal wounds
 t - a potion of attraction


   Skills:
 * Level 4.0 Fighting
 * Level 3.9(4.2) Axes
 * Level 2.1(3.1) Polearms
 * Level 2.8 Armour
 * Level 2.5 Dodging
 + Level 1.2 Stealth
 + Level 0.6 Unarmed Combat
 + Level 1.1 Spellcasting
 + Level 1.2 Evocations
 + Level 0.7 Shapeshifting


You had 7 spell levels left.
You didn't know any spells.
Your spell library was empty.

Dungeon Overview and Level Annotations

Branches:
Dungeon (4/15)
 Temple: D:4-7

Altars:
Xom

Shops:
D:4 !


Innate Abilities, Weirdness & Mutations

You can wield a second weapon in your off-hand.
It takes a long time for you to wield or remove held weapons.
Your first few attacks do less damage.
You cannot equip rings or amulets.
You have a pair of small horns on your head.


Message History

You completely miss the jelly with your +0 trident.
The jelly closely misses you.
You take 4 damage, and have 42/48 hp.
You hit the jelly with your +0 trident.
Your graspers burn!
You headbutt the jelly, but do no damage.
The jelly is severely wounded.
You hit the jelly with your +0 hand axe of chaos.
The jelly seems to slow down.
Your graspers burn!
The jelly hits you.
You are splashed with acid.
You are too injured to fight recklessly!
You take 10 damage, and have 32/48 hp.
MASSIVE DAMAGE!!
You are too injured to fight recklessly!
You are too injured to fight recklessly!
You are too injured to fight recklessly!
You are too injured to fight recklessly!
You are too injured to fight recklessly!
You are too injured to fight recklessly!
A jelly is nearby!
A jelly is nearby!
You completely miss the jelly with your +0 trident.
The jelly is severely wounded.
You hit the jelly but do no damage. The acid corrodes you!
Your graspers burn!
The jelly hits you.
You are splashed with acid!
You take 13 damage, and have 19/48 hp.
MASSIVE DAMAGE!!
You hit the jelly with your +0 trident.
Your graspers burn!
The jelly is severely wounded.
You hit the jelly with your +0 hand axe of chaos.
The jelly appears confused.
The acid corrodes you!
Your graspers burn!
The jelly hits you.
* * * LOW HITPOINT WARNING * * *
You are splashed with acid.
* * * LOW HITPOINT WARNING * * *
You take 10 damage, and have 9/48 hp.
MASSIVE DAMAGE!!
You hit the jelly but do no damage. The acid corrodes you!
Your graspers burn!
* * * LOW HITPOINT WARNING * * *
You headbutt the jelly, but do no damage.
The jelly is severely wounded.
You hit the jelly but do no damage.
Your graspers burn!
You die...
Xom giggles madly!

#.# #....# #..[. #.#
#<...####.#!. #.#
#####......##....
##.########....#._...##.≈~≈
#....................##.~∩~
##...######....#.....##.~≈~
#.......##....#...(.##....
######.......##....#.....#####.
#............J@.....#.#### #.
#.####.......##.....#.### #.
###.#
#...#.#.#####......######.
....# #####.#.# #......##.....
..###### # #......##)....
.......# #.<....##.....
..####.# #.#####)..÷..##...>.
..# #...)............... ..#
#.######.....[..######


You could see a jelly (confused, slow).

Vanquished Creatures
  A phantom (D:4)
  A scorpion (D:4)
  A bombardier beetle (D:4)
  An orc priest (D:3)
  An iguana (D:4)
  4 gnolls (D:4)
  7 adders
  A ribbon worm (D:3)
  2 dart slugs
  4 orcs (D:3)
  6 endoplasms
  2 giant cockroaches (D:2)
  8 goblins
  6 hobgoblins
  9 kobolds
  5 quokkas
  12 ball pythons
  7 bats
  2 frilled lizards
  6 rats
86 creatures vanquished.

Notes
Turn   | Place    | Note
-------+----------+-------------------------------------------
     0 | D:1      | ezpacito the Coglin Chaos Knight began the quest for the
                  | Orb.
     0 | D:1      | Reached XP level 1. HP: 18/18 MP: 1/1
    46 | D:1      | Reached skill level 1 in Dodging
    60 | D:1      | Reached XP level 2. HP: 20/24 MP: 2/2
    77 | D:1      | Found a faded altar of an unknown god.
   523 | D:1      | XOM: divination: detect creatures
   563 | D:1      | Reached XP level 3. HP: 29/29 MP: 3/3
   568 | D:1      | XOM: divination: magic mapping
   990 | D:2      | XOM: 1-stop teleportation journey
   995 | D:2      | Reached skill level 1 in Polearms
  1168 | D:2      | Reached XP level 4. HP: 35/35 MP: 4/4
  1813 | D:3      | Reached XP level 5. HP: 12/41 MP: 4/6
  1909 | D:3      | XOM: give mutation
  1909 | D:3      | Gained mutation: You have a pair of small horns on your
                  | head. [Xom's grace]
  2580 | D:4      | Reached skill level 1 in Stealth
  2580 | D:4      | Reached skill level 1 in Spellcasting
  2691 | D:4      | Reached XP level 6. HP: 43/48 MP: 7/7
  2927 | D:4      | Reached skill level 1 in Evocations
  3140 | D:4      | Found Mapruirph's Distillery.
  3150 | D:4      | Bought a potion of degeneration for 14 gold pieces
  3150 | D:4      | Bought a potion of might for 56 gold pieces
  3150 | D:4      | Bought a potion of heal wounds for 70 gold pieces
  3150 | D:4      | Bought a potion of attraction for 42 gold pieces
  3305 | D:4      | Reached skill level 4 in Fighting
  3327 | D:4      | XOM: scenery: create altars
  3347 | D:4      | Splashed by a jelly's acid

Illustrated notes

Levels and vault maps discovered:
D:1:      minmay_arrival_solitary_statue, layout_loops_ring,
          shapermc_ecumenical_altar_acropolis, minmay_misc_feat_chi
D:2:      layout_loops_ring
D:3:      layout_basic, serial_bayou_lake_a
D:4:      layout_basic, tso_oasis_becter, serial_shops,
          nicolae_shop_industrial_runoff

Skill      XL: |  1  2  3  4  5  6 |
---------------+-------------------+-----
Dodging        | 1 2 |  2.5
Armour         | 2 |  2.8
Polearms       | 1 2 |  2.1
Stealth        | 1 |  1.2
Spellcasting   | 1 |  1.1
Evocations     | 1 |  1.2
Fighting       | 4 |  4.0
Axes           | |  3.9
Unarmed Combat | |  0.6
Shapeshifting  | |  0.7

Action                     |  1- 3 |  4- 6 || total
---------------------------+-------+-------++-------
  Melee: Hand axe          |    79 |   105 ||   184
         Dagger            |    59 |       ||    59
         Spear             |    15 |    73 ||    88
         Headbutt          |       |    19 ||    19
         Trident           |       |    46 ||    46
    Use: Potion            |     1 |     1 ||     2
         Scroll            |       |     1 ||     1
   Stab: Sleeping          |       |     2 ||     2
         Confused          |       |     1 ||     1
 Armour: Leather armour    |    52 |    37 ||    89
         Chain mail        |       |    25 ||    25
  Dodge: Dodged            |    44 |    50 ||    94

Table legend: (Time is in decaauts)
 A = Elapsed time spent in this place.
 B = Non-inter-level travel time spent in this place.
 C = Inter-level travel time spent in this place.
 D = Time resting spent in this place.
 E = Time spent auto-exploring this place.
 F = Levels seen in this place.
 G = Mean time per level.
                   A        B        C        D        E       F      G
               +--------+--------+--------+--------+--------+-----+--------+
         Total |   3378 |   3162 |    216 |      9 |   2610 |   4 |  844.5 |
       Dungeon |   3378 |   3162 |    216 |      9 |   2610 |   4 |  844.5 |
               +--------+--------+--------+--------+--------+-----+--------+

Top non-repeatable levels by time:
     D:3: 1004 daAuts
     D:1: 884 daAuts
     D:4: 840 daAuts
     D:2: 648 daAuts
